 Dungeon Sprint DCSS version 0.19.0-19-g8c6edcc (webtiles) character file.

981 poirepourri the Cruncher (level 7, -5/59 HPs)
             Began as a Demonspawn Gladiator on Nov 12, 2016.
             Was a Follower of Cheibriados.
             Slain by a sixfirhy (9 damage)
             ... summoned by a kobold demonologist
             ... in the Dungeon (Sprint I: "Red Sonja").
             The game lasted 00:02:02 (575 turns).

poirepourri the Cruncher (Demonspawn Gladiator)      Turns: 575, Time: 00:02:03

Health: -5/59      AC: -4    Str: 25    XL:     7   Next: 96%
Magic:  7/7        EV: 17    Int: 12    God:    Cheibriados [*.....]
Gold:   225        SH:  0    Dex: 17    Spells: 0 memorised, 6 levels left

rFire  . . .     SeeInvis .     a - +0 quarterstaff
rCold  . . .     Gourm    .     b - +0 leather armour
rNeg   . . .     Faith    .     (shield currently unavailable)
rPois  .         Spirit   .     (helmet restricted)
rElec  .         Reflect  .     (no cloak)
rCorr  .         Harm     .     (no gloves)
MR     .....     NoTele   +     (no boots)
Stlth  ++........               (no amulet)
                                (no ring)
                                d - ring of stealth

@: mighty, lethally poisoned (-5 -> -10), corroded, very slightly contaminated,
very slow
A: hooves 1, horns 1, powered by pain 2, spiny 1
a: Bend Time, Renounce Religion


You were in the Dungeon.
You worshipped Cheibriados.
Cheibriados was aware of your devotion.
You were not hungry.

You visited 1 branch You collected 470 gold pieces.
You spent 245 gold pieces at shops.

Inventory:

Hand Weapons
 a - a +0 quarterstaff (weapon)
Armour
 b - a +0 leather armour (worn)
Jewellery
 d - a ring of stealth (left hand)
Wands
 l - a wand of digging (14/24)
Potions
 e - a potion of curing
 h - a potion of haste
 i - 2 potions of magic
 j - a potion of berserk rage
Comestibles
 f - a bread ration


   Skills:
 + Level 6.9 Fighting
 + Level 11.4 Staves
 + Level 5.3 Throwing
 - Level 2.5 Armour
 + Level 8.1 Dodging


You had 6 spell levels left.
You didn't know any spells.

Dungeon Overview and Level Annotations

Branches:
Dungeon (1/1)

Altars:
Cheibriados
Dithmenos
Elyvilon
Fedhas
Gozag
Hepliaklqana
Kikubaaqudgha
Makhleb
Nemelex Xobeh
Okawaru
Qazlal
Ru
Sif Muna
Trog
Uskayaw
Vehumet
Xom
Yredelemnul
Zin
The Shining One
Jiyva
Lugonu

Shops:
D =


Innate Abilities, Weirdness & Mutations

You have large cloven feet.
You have a pair of small horns on your head.
You sometimes gain power by taking damage.
You are partially covered in sharp spines.


Message History

* * * LOW HITPOINT WARNING * * *
The rust devil corrodes you! The kobold demonologist misses you.
You feel much better. The sixfirhy is struck by your spines.
The sixfirhy closely misses you.
The kobold demonologist is struck by your spines.
The kobold demonologist hits you but does no damage.
You are poisoned.
You closely miss the kobold demonologist.
Your kick misses the kobold demonologist.
You headbutt the kobold demonologist.
The kobold demonologist is lightly wounded.
You feel sick. The sixfirhy is struck by your spines.
The sixfirhy completely misses you. The sixfirhy hits you!
* * * LOW HITPOINT WARNING * * *
The sixfirhy shocks you!
* * * LOW HITPOINT WARNING * * *
The sixfirhy is struck by your spines. The sixfirhy hits you.
* * * LOW HITPOINT WARNING * * *
The sixfirhy shocks you!
You die...

###################
).#.)'.[#__#..4K@.#
..'..#..'..'..#3..#
#'#####'#__####...+
..#...#.#### #####
###..##.# __##'#..+
...รท..._#
__##_.#'# __###+#[#


You could see a rust devil, a kobold demonologist and a sixfirhy.

Vanquished Creatures
  A kobold demonologist (D)
  A slime creature (D)
  Sigmund (D)
  A yak (D)
  A floating eye (D)
  An ogre (D)
  A jelly (D)
  Ijyb (D)
8 creatures vanquished.

Notes
Turn   | Place    | Note
-------+----------+-------------------------------------------
     0 | D        | poirepourri the Demonspawn Gladiator began the quest for the Orb.
     0 | D        | Reached XP level 1. HP: 16/16 MP: 1/1
     4 | D        | Noticed Ijyb
    15 | D        | Killed Ijyb
    15 | D        | Reached skill level 4 in Staves
    15 | D        | Gained mutation: You sometimes gain a little power by taking damage. [demonic ancestry]
    15 | D        | Reached XP level 2. HP: 22/23 MP: 2/2
    82 | D        | Noticed an ogre
    89 | D        | Killed an ogre
    89 | D        | Reached skill level 6 in Staves
    89 | D        | Reached skill level 5 in Dodging
    89 | D        | Gained mutation: You sometimes gain power by taking damage. [demonic ancestry]
    89 | D        | Reached XP level 3. HP: 30/30 MP: 3/3
    89 | D        | Gained mutation: You are partially covered in sharp spines. [demonic ancestry]
    89 | D        | Reached XP level 4. HP: 37/37 MP: 4/4
   174 | D        | Noticed Sigmund
   183 | D        | Killed Sigmund
   183 | D        | Reached skill level 8 in Staves
   183 | D        | Gained mutation: You have large cloven feet. [demonic ancestry]
   183 | D        | Reached XP level 5. HP: 43/43 MP: 5/5
   183 | D        | Reached XP level 6. HP: 49/49 MP: 6/6
   241 | D        | Found a deep blue altar of Sif Muna.
   243 | D        | Found a radiant altar of Vehumet.
   284 | D        | Found Byagg's Jewellery Emporium.
   284 | D        | Found an ancient bone altar of Kikubaaqudgha.
   284 | D        | Found a hazy altar of Hepliaklqana.
   284 | D        | Found a stormy altar of Qazlal.
   284 | D        | Found a hide-covered altar of Uskayaw.
   284 | D        | Found a blossoming altar of Fedhas.
   284 | D        | Found a bloodstained altar of Trog.
   284 | D        | Found an iron altar of Okawaru.
   284 | D        | Found a basalt altar of Yredelemnul.
   284 | D        | Found a glowing golden altar of the Shining One.
   284 | D        | Found a snail-covered altar of Cheibriados.
   284 | D        | Found a sacrificial altar of Ru.
   284 | D        | Found a glowing silver altar of Zin.
   284 | D        | Found a shadowy altar of Dithmenos.
   284 | D        | Found a white marble altar of Elyvilon.
   284 | D        | Noticed a yak
   296 | D        | Killed a yak
   296 | D        | Reached skill level 5 in Fighting
   296 | D        | Reached skill level 9 in Staves
   297 | D        | Found an opulent altar of Gozag.
   298 | D        | Found a sparkling altar of Nemelex Xobeh.
   302 | D        | Bought an uncursed ring of stealth for 245 gold pieces
   384 | D        | Became a worshipper of Cheibriados the Contemplative
   400 | D        | Found a burning altar of Makhleb.
   400 | D        | Found a viscous altar of Jiyva.
   400 | D        | Found a shimmering altar of Xom.
   400 | D        | Found a corrupted altar of Lugonu.
   400 | D        | Noticed a slime creature
   412 | D        | Killed a slime creature
   412 | D        | Reached skill level 10 in Staves
   412 | D        | Reached skill level 5 in Throwing
   412 | D        | Reached skill level 1 in Armour
   412 | D        | Gained mutation: You have a pair of small horns on your head. [demonic ancestry]
   412 | D        | Reached XP level 7. HP: 39/58 MP: 7/7
   551 | D        | Noticed a kobold demonologist
   552 | D        | Noticed a kobold demonologist
   562 | D        | Noticed a rust devil
   565 | D        | Paralysed by a floating eye for 4 turns
   568 | D        | Noticed a sixfirhy
   568 | D        | Killed a kobold demonologist
   568 | D        | Reached * piety under Cheibriados
   568 | D        | Reached skill level 11 in Staves
   575 | D        | Slain by a sixfirhy

Skill      XL: |  1  2  3  4  5  6  7 |
---------------+----------------------+-----
Staves         | 4 6 8 10 11 | 11.4
Throwing       | 2 3 4 5 |  5.3
Dodging        | 4 5 6 7 8 |  8.1
Fighting       | 3 4 6 |  6.9
Armour         | 1 2 |  2.5

Action                   |  1- 3 |  4- 6 |  7- 9 || total
-------------------------+-------+-------+-------++-------
Melee: Quarterstaff      |    14 |    27 |    16 ||    57
       Kick              |       |    13 |     5 ||    18
       Headbutt          |       |       |     4 ||     4
Throw: Throwing net      |     2 |     2 |       ||     4
Evoke: Wand              |       |     1 |       ||     1
  Use: Scroll            |       |     1 |     1 ||     2
       Potion            |       |       |     1 ||     1
 Stab: Held in net/web   |     1 |     1 |       ||     2
Armor: Leather armour    |       |     2 |    20 ||    22
Dodge: Dodged            |     4 |    10 |    35 ||    49
